 Dungeon Crawl Stone Soup version 0.16-a0-3369-g3e5b539 (console) character file.

25 Roderic the Charmwright (level 3, 0/28 HPs)
             Began as a Merfolk Skald on Dec 29, 2014.
             Slain by a gnoll
             ... wielding a +0 spear
              (3 damage)
             ... on level 4 of the Dungeon.
             The game lasted 00:05:58 (1632 turns).

Roderic the Charmwright (Merfolk Skald)             Turns: 1632, Time: 00:05:58

Health: 0/28       AC:  3    Str: 13    XL:     3   Next: 6%
Magic:  6/6        EV: 12    Int: 11    God:
Gold:   24         SH:  0    Dex: 13    Spells: 1 memorised, 5 levels left

rFire  . . .     SeeInvis .       - Unarmed
rCold  . . .     Clarity  .     b - +0 leather armour
rNeg   . . .     SustAb   .     (no shield)
rPois  .         Gourm    .     (no helmet)
rElec  .         Spirit   .     (no cloak)
rCorr  .         Warding  .     (no gloves)
rMut   .         Stasis   .     (no boots)
MR     .....                    (no amulet)
Stlth  +.........               (no ring)
                                (no ring)

@: not resistant to hostile enchantments, very unstealthy
A: change form in water, swift swim
a: no special abilities


You were on level 4 of the Dungeon.
You were not hungry.

You visited 1 branch of the dungeon, and saw 4 of its levels.

You collected 108 gold pieces.
You spent 84 gold pieces at shops.

Inventory:

Missiles
 l - 13 bolts of frost
Armour
 b - a +0 leather armour (worn)
Jewellery
 n - a cursed -2 ring of slaying {unknown}
 q - a +3 ring of strength {unknown}
Scrolls
 d - a scroll of identify
 i - 2 scrolls of remove curse
 k - 2 scrolls of enchant weapon
 r - a scroll of fog {unknown}
Potions
 e - a potion of might {unknown}
 f - a potion of heal wounds
 h - a potion of flight {unknown}
 j - a potion of haste {unknown}
 m - a potion of invisibility {unknown}
 o - a potion of curing {unknown}
Books
 c - a book of Battle

   Spells                             Type                      Level
   a - Infusion                       Charms                       1
   b - Shroud of Golubria             Charms/Translocation         2
   c - Song of Sleighing              Charms                       2
   d - Spectral Weapon                Hexes/Charms                 3
   e - Regeneration                   Charms/Necromancy            3
Comestibles
 a - 2 bread rations
 g - a beef jerky
 p - a slice of pizza


   Skills:
 + Level 2.3 Fighting
 + Level 1.1 Armour
 + Level 1.8 Dodging
 + Level 2.7 Unarmed Combat
 + Level 2.2 Spellcasting
 + Level 3.4 Charms


You had 5 spell levels left.
You knew the following spells:

 Your Spells              Type           Power        Failure   Level  Hunger
a - Infusion              Chrm           #.....       10%         1    ##.....


Dungeon Overview and Level Annotations

Branches:
Dungeon (4/15)
 Temple: D:4-7

Altars:

Shops:
D:4 ?

Annotations:
D:2 Terence


Message History

A gnoll and an orc wizard come into view.
A gnoll comes into view. It is wielding a spear.
The gnoll shouts! x2
The rat bites you but does no damage.
A gnoll comes into view. It is wielding a spear of freezing.
The gnoll shouts!
Read which item? (? for menu, Esc to quit)
As you read the scroll labeled NOSASU CLEZOPT, it crumbles to dust.
You feel blessed for a moment.
It was a scroll of remove curse.
The gnoll misses you. The rat misses you.
Read which item? (? for menu, Esc to quit)
As you read the scroll labeled NOTHRO SMOOF, it crumbles to dust.
It is a scroll of identify.
Identify which item? (\ to view known items) (? for menu, Esc to quit)
k - 2 scrolls of enchant weapon The orc hits you with a mace!
* * * LOW HITPOINT WARNING * * *
The gnoll hits you but does no damage. The rat closely misses you.
The gnoll hits you from afar with a spear.
You die...

.......
...........▒▒
.............o.
.....<.......[.▒
..............▒
▒▒▒▒...g........▒
▒......gogo.....▒
▒▒......oorK....▒
▒........@go....▒
▒.<.▒▒▒▒▒▒▒▒▒..▒
▒▒▒▒▒ ▒..▒▒ ▒.K▒
▒..▒ ▒.▒▒ ▒.▒ ▒.▒
▒.▒


You could see an orc wizard, 4 gnolls, 4 orcs, a kobold and a rat.

Vanquished Creatures
  2 orcs (D:3)
  4 bats
  3 goblins
  5 hobgoblins
  3 kobolds (D:1)
  A giant cockroach (D:1)
  4 rats
22 creatures vanquished.

Notes
Turn   | Place    | Note
--------------------------------------------------------------
     0 | D:1      | Roderic, the Merfolk Skald, began the quest for the Orb.
     0 | D:1      | Reached XP level 1. HP: 16/16 MP: 3/3
   660 | D:1      | Reached XP level 2. HP: 9/23 MP: 2/4
   946 | D:2      | Noticed Terence
  1387 | D:3      | Reached skill level 1 in Armour
  1401 | D:3      | You fall through a shaft!
  1424 | D:4      | Found Gach's Magic Scroll Shoppe.
  1430 | D:4      | Bought a scroll of teleportation for 39 gold pieces
  1430 | D:4      | Bought a scroll of fear for 45 gold pieces
  1546 | D:4      | Reached XP level 3. HP: 20/28 MP: 6/6
  1632 | D:4      | Slain by a gnoll

Action                   || total
-------------------------++-------
Melee: Unarmed           ||    97
 Cast: Infusion          ||     7
  Use: Scroll            ||     4
       Potion            ||     1
  Eat: Bread ration      ||     1
